 Dungeon Crawl Stone Soup version 0.29.1-2-gbd0b4ee654 (webtiles) character file.

Game seed: 692078031433354064

217 GorkyZ the Chucker (level 5, -4/50 HPs)
             Began as a Troll Brigand on Nov 23, 2022.
             Slain by Sigmund
             ... wielding a +4 vorpal scythe
              (14 damage)
             ... on level 4 of the Dungeon.
             The game lasted 00:08:26 (3146 turns).

GorkyZ the Chucker (Troll Brigand)                  Turns: 3146, Time: 00:08:27

Health: -4/50      AC:  9    Str: 19    XL:     5   Next: 62%
Magic:  4/4        EV: 10    Int:  7    God:
Gold:   141        SH:  0    Dex: 13    Spells: 4/4 levels left

rFire   . . .      SeeInvis .   a - +2 dagger
rCold   . . .      Faith    .   (no shield)
rNeg    . . .      Spirit   .   b - +0 robe
rPois   .          Reflect  .   (helmet restricted)
rElec   .          Harm     .   j - +0 cloak
rCorr   .          Rampage  .   (gloves unavailable)
Will    +....                   (boots unavailable)
Stlth   ++........              (no amulet)
HPRegen 0.96/turn               i - ring of willpower
MPRegen 0.09/turn               n - +4 ring of protection

@: no status effects
A: large, unfitting armour, claws 3, regeneration 1, shaggy fur 1, tough skin 1
a: no special abilities


You were on level 4 of the Dungeon.
You visited 1 branch of the dungeon, and saw 4 of its levels.

You collected 141 gold pieces.

Inventory:

Hand Weapons
 a - a +2 dagger (weapon)
 t - a +0 hand axe
 B - a +0 rapier
Missiles
 d - 7 poisoned darts (quivered)
 e - 3 curare-tipped darts
 m - 3 javelins
Armour
 b - a +0 robe (worn)
 c - a +0 cloak
 j - a +0 cloak (worn)
 w - a +0 pair of boots
Jewellery
 i - a ring of willpower (left claw)
 n - a +4 ring of protection (right claw)
 u - a ring of protection from fire
 C - a ring of magical power
Wands
 r - a wand of roots (11)
Scrolls
 f - a scroll of identify {unknown}
 h - 2 scrolls of amnesia {unknown}
 v - a scroll of blinking {unknown}
 x - a scroll of vulnerability {unknown}
 y - 2 scrolls of teleportation {unknown}
 A - a scroll of enchant armour {unknown}
Potions
 g - a potion of mutation {unknown}
 k - 2 potions of heal wounds {unknown}
 l - 2 potions of attraction {unknown}
 o - a potion of berserk rage {unknown}
 p - a potion of invisibility {unknown}
 q - a potion of brilliance {unknown}
 s - 2 potions of curing {unknown}
 z - a potion of ambrosia {unknown}
 D - 2 potions of lignification {unknown}


   Skills:
 + Level 2.6 Fighting
 + Level 2.6 Short Blades
 + Level 2.9 Throwing
 + Level 2.1 Dodging
 - Level 2.1 Stealth
 + Level 1.1 Evocations


You had 4 spell levels left.
You didn't know any spells.
Your spell library contained the following spells:

 Spells                   Type           Power      Damage    Failure   Level
 Beastly Appendage        Tmut           0%         N/A       43%         1
 Wereblood                Tmut           0%         N/A       56%         2
 Spider Form              Tmut/Pois      0%         N/A       80%         3


Dungeon Overview and Level Annotations

Branches:
Dungeon (4/15)
 Temple: D:4-7

Altars:

Annotations:
D:4 Sigmund


Innate Abilities, Weirdness & Mutations

You are too large for most types of armour.
You have claws for hands.
Your natural rate of healing is unusually fast.
You are covered in fur. (AC +1)
You have tough skin. (AC +1)


Message History

The magic dart hits you.
Sigmund casts a spell.
Sigmund flickers and vanishes!
Deactivating autopickup; reactivate with Ctrl-A.
Found 10 gold pieces.
You are confused.
You're too confused to move!
You bump into the rock wall.
You feel less confused.
A magic dart appears from out of thin air!
The magic dart hits you but does no damage.
Sigmund appears from thin air!
Reactivating autopickup.
Sigmund casts a spell at you. The magic dart hits you.
Sigmund casts a spell at you. The puff of flame hits you!
You closely miss Sigmund.
Sigmund is severely wounded.
Sigmund hits you with a +4 vorpal scythe!
You hit Sigmund.
Sigmund is severely wounded.
You completely miss Sigmund.
Sigmund is severely wounded.
Sigmund casts a spell.
Sigmund flickers and vanishes!
Deactivating autopickup; reactivate with Ctrl-A.
You hit something. Something hits you.
You hit something. You hit something.
You hear some strange, mumbled words.
A magic dart appears from out of thin air!
The magic dart hits you.
* * * LOW HITPOINT WARNING * * *
You closely miss something. Something hits you but does no damage.
You closely miss something. Something hits you!
* * * LOW HITPOINT WARNING * * *
x2 You barely miss something.
You hit something. Something hits you!
You die...

#.# ##### #.# ....# #.# ########
.#..# #.### #..))..#
)...###...###.####.#
#..........##.####.#
....##...........#.# ###
.#.##......##.##.#.# #..
)#.###....###..{@..#### #.. ...#
##.### ####......# #.. .### #.#
######.# ##. .# #.# #.# ####@ .#
##'## #.# #.... .# ##...##
######.# #.### .# ##.....##
#......# #.### ####.......##
#......# #.#.#
###.........####......#######....


There were no monsters in sight!

Vanquished Creatures
  A hound (D:4)
  An orc priest (D:4)
  3 gnolls (D:2)
  5 adders
  A worm (D:4)
  5 orcs
  6 ball pythons
  3 bats
  6 endoplasms
  2 giant cockroaches
  11 goblins
  6 hobgoblins
  7 jackals
  6 kobolds
  5 quokkas
  3 frilled lizards
  2 rats
73 creatures vanquished.

Notes
Turn   | Place    | Note
-------+----------+-------------------------------------------
     0 | D:1      | GorkyZ the Troll Brigand began the quest for the Orb.
     0 | D:1      | Reached XP level 1. HP: 19/19 MP: 0/0
   144 | D:1      | Reached skill level 1 in Dodging
   209 | D:1      | Reached XP level 2. HP: 28/28 MP: 1/1
   898 | D:2      | Reached XP level 3. HP: 26/35 MP: 2/2
  1499 | D:2      | Reached XP level 4. HP: 42/42 MP: 3/3
  2150 | D:3      | Found a faded altar of an unknown god.
  2688 | D:4      | Reached XP level 5. HP: 50/50 MP: 4/4
  2757 | D:4      | Reached skill level 1 in Evocations
  3034 | D:4      | Noticed Sigmund
  3146 | D:4      | Slain by Sigmund

Illustrated notes

Levels and vault maps discovered:
D:1:      nzn_arrival_depleted_hourglass, layout_loops_ring
D:2:      kennysheep_the_goblin_king, layout_basic
D:3:      layout_basic, hellmonk_ecumenical_altar_heavens_door, minivault_26,
          chequers_serial_rivers_small_3
D:4:      layout_loops_corners, nicolae_qazlal_style_of_elements,
          minmay_temple_entry_nine_rooms, minmay_distorted, uniq_sigmund

Skill      XL: |  1  2  3  4  5 |
---------------+----------------+-----
Dodging        | 1 2 |  2.1
Throwing       | 2 |  2.9
Fighting       | 2 |  2.6
Short Blades   | 2 |  2.6
Evocations     | 1 |  1.1
Stealth        | |  2.1

Action                   |  1- 3 |  4- 6 || total
-------------------------+-------+-------++-------
Melee: Dagger            |   148 |   201 ||   349
       Punch             |     1 |     1 ||     2
Throw: Dart              |     4 |     4 ||     8
 Stab: Sleeping          |     3 |     7 ||    10
       Distracted        |     2 |     1 ||     3
Armor: Robe              |    72 |    78 ||   150
Dodge: Dodged            |    89 |   116 ||   205
